AoeStats
← Schantiiniiii

MegaRandom

505518273Analyzed
4v4 RM · 21d ago on Sep 9, 2026· 24m 4s· 8 players
Game mode
Random Map
Map size
Large (8 player)
Population
200
Speed
Normal
Resources
Standard
Victory
Conquest
Starting age
Dark Age
Ending age
Imperial Age
RankedLock teamsTeams togetherTeam positionsShared explorationLock speedFull tech treeHidden civsTurbo modeCheats
Victory
Defeat
🇨🇭 Jurchens · Switzerland
1657
+10
🇩🇪 Persians · Germany
1631
+11
🇫🇷 Koreans · France
1549
+13
🇩🇪 Vietnamese · Germany
1504
+15
🇷🇺 Britons · Russia
1550
-14
🇦🇷 Burmese · Argentina
1531
-13
🇫🇷 Spanish · France
1471
-11
1468
-11
FutureEwe5582
0:29 Loom
7:41 Feudal Age
Rocgash
0:30 Loom
9:18 Feudal Age
10:56 Double-Bit Axe
14:43 Castle Age
14:22 Padded Archer Armor
14:51 Stone Mining
17:47 Stone Shaft Mining
17:02 Gold Mining
22:48 Bloodlines
23:31 Leather Archer Armor
Yucatan_water_supremacy
0:30 Loom
8:07 Feudal Age
9:08 Town Watch
12:13 Fletching
emtry
0:34 Loom
8:35 Feudal Age
12:35 Castle Age
10:35 Double-Bit Axe
12:16 Fletching
17:31 Crossbowman
19:54 Bow Saw
21:41 Bodkin Arrow
22:33 Padded Archer Armor
23:34 Ballistics
23:33 Leather Archer Armor
twitch.tv/gliedi69
0:33 Loom
8:36 Feudal Age
12:00 Wheelbarrow
13:48 Double-Bit Axe
15:37 Fletching
18:22 Horse Collar
22:12 Castle Age
20:19 Stone Mining
20:43 Gold Mining
22:55 Bodkin Arrow
22:21 Crossbowman
23:07 Thumb Ring
23:25 Bow Saw
Pfienz
0:31 Loom
7:49 Feudal Age
9:34 Double-Bit Axe
10:46 Horse Collar
17:50 Castle Age
16:32 Forging
17:35 Scale Barding Armor
18:23 Bloodlines
20:57 Wheelbarrow
Schantiiniiii
0:34 Loom
8:39 Feudal Age
9:15 Double-Bit Axe
10:47 Town Watch
19:52 Horse Collar
24:32 Castle Age
22:31 Gold Mining
23:42 Bloodlines
24:23 Scale Barding Armor
24:29 Forging
Senetar
0:43 Loom
8:47 Feudal Age
9:34 Double-Bit Axe
12:06 Fletching
18:48 Castle Age
17:18 Padded Archer Armor
17:17 Horse Collar
19:02 Crossbowman
19:59 Bodkin Arrow
21:35 Elite Skirmisher
22:36 Leather Archer Armor
Connection lost

Rejoining the realm…

Still unreachable

The connection could not be restored.

Session expired

The server has moved on; the page needs a fresh start.